 Dungeon Crawl Stone Soup version 0.29.1-1-gd02db6906a (webtiles) character file.

Game seed: 16200120429180726683

841 KyoPewz the Changer (level 7, -1/52 HPs)
             Began as a Demonspawn Transmuter on Oct 21, 2022.
             Was a Follower of Uskayaw.
             Killed from afar by a steam dragon (21 damage)
             ... with a ball of steam
             ... on level 6 of the Dungeon.
             The game lasted 00:27:03 (6159 turns).

KyoPewz the Changer (Demonspawn Transmuter)         Turns: 6159, Time: 00:27:03

Health: -1/52      AC:  2    Str: 12    XL:     7   Next: 67%
Magic:  10/13      EV: 19    Int: 15    God:    Uskayaw [*.....]
Gold:   252        SH:  0    Dex: 18    Spells: 4/14 levels left

rFire   . . .      SeeInvis .     - Unarmed
rCold   . . .      Faith    .   (shield currently unavailable)
rNeg    . . .      Spirit   .   (body armour currently unavailable)
rPois   x          Reflect  .   (helmet currently unavailable)
rElec   .          Harm     .   (cloak currently unavailable)
rCorr   .          Rampage  .   (gloves currently unavailable)
Will    .....                   (boots currently unavailable)
Stlth   ++........              (no amulet)
HPRegen 0.17/turn               (no ring)
MPRegen 0.13/turn               (no ring)

@: spider-form
A: venomous fangs, tiny, (antennae 2), (molten scales 2), condensation shield
a: End Transformation, Renounce Religion, Stomp


You were on level 6 of the Dungeon.
You worshipped Uskayaw.
Uskayaw was noncommittal.
You were a venomous arachnid creature.
You visited 2 branches of the dungeon, and saw 7 of its levels.

You collected 252 gold pieces.

Inventory:

Hand Weapons
 b - a +4 dagger of venom (melded)
Armour
 a - a +0 robe (melded)
 d - a +2 cloak (melded)
 f - a +0 pair of gloves (melded)
 s - the +5 chain mail "Kyti" {Will+}
   (You found it on level 4 of the Dungeon)

   Will:      It increases your willpower.
Magical Staves
 i - a staff of conjuration
Jewellery
 m - an amulet of guardian spirit
 v - a ring of see invisible
Wands
 t - a wand of roots (11)
 w - a wand of mindburst (3)
Scrolls
 e - 2 scrolls of teleportation
 j - a scroll of poison
 n - a scroll of enchant armour
 q - 2 scrolls of enchant weapon
Potions
 c - a potion of ambrosia {unknown}
 g - a potion of heal wounds
 h - 2 potions of might
 k - 3 potions of curing
 l - 2 potions of flight
 o - a potion of attraction {unknown}
 p - 2 potions of degeneration {unknown}
 r - 2 potions of berserk rage
 u - a potion of lignification


   Skills:
 - Level 3.0 Fighting
 - Level 1.7 Dodging
 - Level 4.0 Unarmed Combat
 - Level 4.0 Spellcasting
 + Level 4.1 Transmutations
 + Level 0.6 Ice Magic
 + Level 3.2 Poison Magic
 + Level 3.8 Invocations


You had 4 spell levels left.
You knew the following spells:

 Your Spells              Type           Power      Damage    Failure   Level
a - Beastly Appendage     Tmut           30%        N/A       11%         1
b - Wereblood             Tmut           15%        N/A       14%         2
c - Spider Form           Tmut/Pois      14%        N/A       28%         3
d - Ice Form              Ice/Tmut       10%        N/A       75%         4

Your spell library contained the following spells:

 Spells                   Type           Power      Damage    Failure   Level
 Olgreb's Toxic Radiance  Pois           12%        N/A       65%         4
 Ozocubu's Refrigeration  Ice            2%         4d8       100%        7
 Ignition                 Fire           1%         3d3       100%        8


Dungeon Overview and Level Annotations

Branches:
Dungeon (6/15)             Temple (1/1) D:4

Altars:
Ashenzari
Cheibriados
Dithmenos
Fedhas
Gozag
Kikubaaqudgha
Makhleb
Nemelex Xobeh
Okawaru
Qazlal
Ru
Sif Muna
Trog
Uskayaw
Vehumet
Wu Jian
Xom
Yredelemnul

Shops:
D:6 (


Innate Abilities, Weirdness & Mutations

You are a venomous arachnid creature.
You have poisonous fangs.
You are tiny and dextrous.
Your spellcasting is less reliable in this form.
Your armour is entirely melded.
You are incapable of wielding weapons or throwing items.
((You have a pair of antennae on your head.))
((You are mostly covered in molten scales. (AC +3)))
A meltable shield of frost defends you. (SH +0)


Message History

Your +0 robe unmelds from your body.
Your +4 dagger of venom begins to drip with poison!
HP restored.
Found a stone staircase leading up.
A steam dragon comes into view.
The steam dragon hisses angrily.
The steam dragon moves out of view.
The steam dragon breathes steam at you. The ball of steam hits you!!
Your condensation shield dissipates!
Press: ? - help, v - describe, . - travel
Here: a steam dragon (steam, catching its breath)
The floor.
Unknown command.
Casting: Spider Form (dangerous; 12% risk of failure)
Confirm with . or Enter, or press ? or * to list all spells.
You turn into a venomous arachnid creature.
Your +4 dagger of venom melds into your body.
Your +2 cloak melds into your body.
Your +0 pair of gloves melds into your body.
Your +0 robe melds into your body.
Your +4 dagger of venom stops dripping with poison.
The steam dragon bites you. The steam dragon barely misses you.
You hit the steam dragon but do no damage.
The steam dragon is poisoned.
The steam dragon misses you. The steam dragon closely misses you.
You hit the steam dragon but do no damage.
The steam dragon looks as sick as possible!
The steam dragon is lightly wounded.
The steam dragon completely misses you. The steam dragon misses you.
You hit the steam dragon.
The steam dragon looks as sick as possible!
The steam dragon is moderately wounded.
The steam dragon bites you! The steam dragon claws you.
You bite the steam dragon!
The steam dragon looks as sick as possible!
The steam dragon is severely wounded.
The steam dragon breathes steam at you. The ball of steam hits you!!
You die...

,,,,,,******,,,,,,,*****,,,,,,,*
,,,,,,,,,,,,,,,,,,,,,>*,,,****,**
,,,,<,******,,,,,,,**,*,,,,,,,,,,
,,,,,,* *,,,,,,,**,,,*,,,**,**
,,,,,,* **********,###,****,**
,,,,,,* **,...,,,,,,,*, ,,,,,,*
*,D.#,*,,*****, ,,,,,,*
######...#,,,,,*,**, ********
#..sD..<.#,,,,,*,,,, ,,,,,,,*
#.######...#,,,*,*** .......# #.#
***,#,,,*,* .......# #.#
*,*,,,*,*** .......# #.#
*,,,,**,,,* .......# #####.#
***,,,,,,,* .......###.....#
********* .......##..#####*****
*,,,,,,,*
.......#..##*,,,,,,,*****,*****,*


You could see a steam dragon (extremely poisoned, catching breath).

Vanquished Creatures
  Sigmund (D:4)
  A black bear (D:6)
  A centaur (D:5)
  A necrophage (D:5)
  4 hounds
  2 iguanas
  2 jellies (D:5)
  Jessica (D:2)
  3 orc wizards
  A gnoll (D:1)
  4 adders
  A white imp (D:5)
  A worm (D:3)
  2 dart slugs
  5 orcs
  6 ball pythons
  3 endoplasms
  4 giant cockroaches
  7 hobgoblins
  A quokka (D:4)
  3 bats
  11 frilled lizards
  7 goblins
  5 rats
77 creatures vanquished.

Notes
Turn   | Place    | Note
-------+----------+-------------------------------------------
     0 | D:1      | KyoPewz the Demonspawn Transmuter began the quest for the
                  | Orb.
     0 | D:1      | Reached XP level 1. HP: 15/15 MP: 3/3
   269 | D:1      | Found a faded altar of an unknown god.
   342 | D:1      | Gained mutation: You are partially covered in molten
                  | scales. (AC +2) [demonic ancestry]
   342 | D:1      | Reached XP level 2. HP: 21/21 MP: 3/5
   345 | D:1      | Learned a level 2 spell: Wereblood
  1340 | D:2      | Lost mutation: You have a pair of horns on your head.
                  | [demonic ancestry]
  1340 | D:2      | Lost mutation: You have a pair of small horns on your head.
                  | [demonic ancestry]
  1340 | D:2      | Gained mutation: You have a pair of small antennae on your
                  | head. [demonic ancestry]
  1340 | D:2      | Reached XP level 3. HP: 27/27 MP: 4/6
  1342 | D:2      | Noticed Jessica
  1436 | D:2      | Killed Jessica
  2080 | D:2      | Gained mutation: You have a pair of antennae on your head.
                  | [demonic ancestry]
  2080 | D:2      | Reached XP level 4. HP: 34/34 MP: 5/7
  2084 | D:2      | Learned a level 3 spell: Spider Form
  2187 | D:2      | Found an ancient bone altar of Kikubaaqudgha.
  2870 | D:3      | Reached skill level 1 in Poison Magic
  2870 | D:3      | Reached XP level 5. HP: 35/39 MP: 3/8
  3381 | D:4      | Found a staircase to the Ecumenical Temple.
  3403 | Temple   | Entered the Ecumenical Temple
  3649 | Temple   | Became a worshipper of Uskayaw the Reveller
  3981 | D:4      | Identified the +5 chain mail "Kyti" {Will+}
  4009 | D:4      | Noticed Sigmund
  4017 | D:4      | Reached * piety under Uskayaw
  4023 | D:4      | Killed Sigmund
  4024 | D:4      | Gained mutation: A meltable shield of frost defends you.
                  | (SH +0) [demonic ancestry]
  4024 | D:4      | Reached XP level 6. HP: 47/47 MP: 8/11
  4120 | D:4      | Reached ** piety under Uskayaw
  4832 | D:5      | Entered Level 5 of the Dungeon
  5032 | D:5      | Reached skill level 1 in Invocations
  5032 | D:5      | Gained mutation: You are mostly covered in molten scales.
                  | (AC +3) [demonic ancestry]
  5032 | D:5      | Reached XP level 7. HP: 19/52 MP: 13/13
  5397 | D:5      | Reached *** piety under Uskayaw
  5649 | D:6      | Found Heloer's Firing Range.
  5954 | D:6      | Learned a level 4 spell: Ice Form
  6150 | D:6      | Noticed a steam dragon
  6159 | D:6      | Killed from afar by a steam dragon

Illustrated notes

Levels and vault maps discovered:
D:1:      dpeg_arrival_tiny_e, layout_basic, ebering_ecumenical_altar_webs
D:2:      layout_basic, basic_altar, uniq_jessica
D:3:      layout_basic
D:4:      layout_loops_corners, minmay_temple_entry_statues_fountains,
          minivault_27, uniq_sigmund
D:5:      layout_cave_pools
D:6:      layout_basic, hangedman_decor_push, nicolae_shop_firing_range
Temple:   mainiacjoe_temple_starburst

Skill      XL: |  1  2  3  4  5  6  7 |
---------------+----------------------+-----
Transmutations | 2 3 4 |  4.1
Unarmed Combat | 3 4 |  4.0
Fighting       | 2 3 |  3.0
Poison Magic   | 1 2 3 |  3.2
Spellcasting   | 3 4 |  4.0
Invocations    | 1 3 |  3.8
Dodging        | |  1.7
Ice Magic      | |  0.6

Action                   |  1- 3 |  4- 6 |  7- 9 || total
-------------------------+-------+-------+-------++-------
Melee: Unarmed           |    70 |   106 |    19 ||   195
       Kick              |    13 |    15 |       ||    28
       Punch             |     4 |     2 |     1 ||     7
       Headbutt          |     3 |       |       ||     3
       Dagger            |       |    67 |    46 ||   113
 Cast: Beastly Appendage |    21 |    22 |       ||    43
       Wereblood         |     2 |     4 |       ||     6
       Spider Form       |       |       |     2 ||     2
Invok: Stomp             |       |       |     2 ||     2
Evoke: Wand              |       |       |     2 ||     2
  Use: Scroll            |     2 |     2 |     8 ||    12
       Potion            |     2 |     1 |     1 ||     4
 Stab: Sleeping          |     1 |       |       ||     1
       Paralysed         |       |       |     1 ||     1
Armor: Robe              |    15 |    38 |       ||    53
       Skin              |     4 |       |     1 ||     5
       Chain mail        |       |    46 |    41 ||    87
Dodge: Dodged            |    29 |    44 |    26 ||    99
Block: Other             |       |    10 |    12 ||    22
